 Dungeon Crawl Stone Soup version 0.29.0-4-gdea44cf6ec (webtiles) character file.

Game seed: 331077845897353515

314 qw the Shield-Bearer (level 6, -9/37 HPs)
             Began as a Gargoyle Fighter on Sept 10, 2022.
             Was an Initiate of Okawaru.
             Mangled by an orc warrior
             ... wielding a +0 glaive
              (13 damage)
             ... on level 4 of the Dungeon.
             The game lasted 00:01:12 (2683 turns).

qw the Shield-Bearer (Gargoyle Fighter)             Turns: 2683, Time: 00:01:13

Health: -9/37      AC: 14    Str: 22    XL:     6   Next: 43%
Magic:  6/6        EV:  6    Int:  8    God:    Okawaru [......]
Gold:   181        SH:  8    Dex:  9    Spells: 5/5 levels left

rFire   . . .      SeeInvis .   Y - +4 war axe
rCold   . . .      Faith    .   b - +0 kite shield
rNeg    + . .      Spirit   .   e - +0 chain mail
rPois   inf        Reflect  .   f - +0 helmet
rElec   +          Harm     .   (no cloak)
rCorr   .          Rampage  .   (no gloves)
Will    .....                   (no boots)
Stlth   ..........              (no amulet)
HPRegen 0.12/turn               (no ring)
MPRegen 0.10/turn               (no ring)

@: no status effects
A: sickness immunity, AC +4, negative energy resistance 1, electricity
resistance, torment resistance 1, petrification resistance
a: Renounce Religion


You were on level 4 of the Dungeon.
You worshipped Okawaru.
Okawaru was noncommittal.
You visited 1 branch of the dungeon, and saw 4 of its levels.

You collected 181 gold pieces.


Innate Abilities, Weirdness & Mutations

You are immune to sickness and miasma.
Your stone body is resilient. (AC +4)
You are immune to poison.
You resist negative energy. (rN+)
You are resistant to electric shocks. (rElec)
You are resistant to unholy torment.
You are immune to petrification.


   Skills:
 + Level 3.3 Fighting
 - Level 5.0 Axes
 - Level 3.2 Armour
 - Level 5.1 Shields


You had 5 spell levels left.
You didn't know any spells.
Your spell library was empty.

Inventory:

Hand Weapons
 i - a +0 flail
 Y - a +4 war axe (weapon)
Missiles
 m - 5 boomerangs (quivered)
Armour
 b - a +0 kite shield (worn)
 e - a +0 chain mail (worn)
 f - a +0 helmet (worn)
Scrolls
 l - a scroll of identify
Potions
 a - a potion of ambrosia {unknown}
 d - 4 potions of might
 g - a potion of haste
 j - a potion of brilliance {unknown}

Dungeon Overview and Level Annotations

Branches:
Dungeon (4/15)
 Temple: D:4-7

Altars:
Ashenzari
Hepliaklqana
Okawaru
Trog

Shops:
D:1 [


Message History

The orc wizard gestures wildly while chanting.
The orc wizard flickers and vanishes!
Deactivating autopickup; reactivate with Ctrl-A.
You completely miss the orc warrior. You barely miss something.
Something hits you but does no damage.
The orc warrior hits you with a +0 glaive!
2679 ||| DRINKING potion of heal wounds.
You feel much better. You block something's attack.
The orc warrior barely misses you.
You hit the orc warrior.
The orc warrior is lightly wounded.
You closely miss something. You closely miss the orc.
The orc unwields a +0 shortbow.
The orc wields a +0 whip.
The orc hits you but does no damage. You block something's attack.
The orc warrior hits you but does no damage.
You hit the orc warrior but do no damage.
The orc warrior is lightly wounded.
You miss something. You barely miss the orc.
You hear some strange, mumbled words.
A magic dart appears from out of thin air!
The magic dart hits you!
The orc warrior hits you with a +0 glaive.
The orc hits you but does no damage.
The orc warrior hits you with a +0 glaive!
Something hits you but does no damage. The orc completely misses you.
You slash the orc warrior!
The orc warrior is heavily wounded.
You closely miss something. You hit the orc.
Something hits you but does no damage.
The orc warrior hits you with a +0 glaive.
The orc hits you but does no damage.
You hit the orc warrior but do no damage.
The orc warrior is heavily wounded.
You slash the orc!
You kill the orc!
Okawaru accepts your kill.
You closely miss something. Something hits you but does no damage.
The orc warrior hits you with a +0 glaive!
You die...

....##.#._.#.##..# .....#
#..#..#...#..#..#
#....######+#.##..##'##..#####
#.............#...........#...
#.............#.......########
#.....<...............#
#.............#.......#
#.............<{##..####
...............o@......#
..#''.........#)#..###.#
..#.#.........#.#......#
..#........####.#.######
..#.......[+ ..#..
..#........# ..#..
#.#........# #.>....
#.#........# ##.#...
..#.######## #####


You could see an orc warrior.

Vanquished Creatures
  Menkaure (D:4)
  An iguana (D:4)
  3 orc wizards (D:3)
  2 adders
  A worm (D:3)
  2 dart slugs
  14 orcs
  5 ball pythons
  6 endoplasms
  6 giant cockroaches
  5 hobgoblins
  4 jackals (D:3)
  7 kobolds
  A quokka (D:3)
  2 bats
  2 frilled lizards
  2 goblins (D:1)
  4 rats
68 creatures vanquished.

Notes
Turn   | Place    | Note
-------+----------+-------------------------------------------
     0 | D:1      | qw the Gargoyle Fighter began the quest for the Orb.
     0 | D:1      | Reached XP level 1. HP: 14/14 MP: 1/1
     0 | D:1      | 0 ||| qw: Version: 0.1-a-116-g5d60599
     0 | D:1      | 0 ||| qw: Game counter: 7584
     0 | D:1      | 0 ||| qw: Always use a shield: true
     0 | D:1      | 0 ||| qw: God list: Okawaru
     0 | D:1      | 0 ||| qw: Allow faded altars: false
     0 | D:1      | 0 ||| qw: Do Orc after D:15 true
     0 | D:1      | 0 ||| qw: Do second Lair branch before Depths: true
     0 | D:1      | 0 ||| qw: Lair rune preference: random
     0 | D:1      | 0 ||| qw: Plans: Normal, Zot, God:TSO, Crypt, Tomb, Zig,
                  | Orb
     0 | D:1      | 0 ||| PLANNING D:1-11
   103 | D:1      | Found Togopung's Antique Armour Boutique.
   116 | D:1      | 116 ||| SHOPLISTING +3 Mad Mage's Maulers {Infuse+∞ RegenMP
                  | Int-3} (1160 gold, have 3).
   116 | D:1      | 116 ||| SHOPLISTING shiny kite shield (217 gold, have 3).
   206 | D:1      | Reached XP level 2. HP: 19/19 MP: 2/2
   473 | D:1      | Found a faded altar of an unknown god.
   719 | D:1      | 719 ||| UPGRADING to +0 chain mail.
   729 | D:1      | 729 ||| DROPPING +0 scale mail.
   730 | D:1      | 730 ||| UPGRADING to +0 helmet.
   735 | D:1      | 735 ||| READING scroll labelled CICWOP VIOHEB.
   836 | D:1      | 836 ||| DRINKING 2 sapphire potions.
  1005 | D:2      | Reached skill level 3 in Axes
  1005 | D:2      | 1005 ||| Stepping ~*~*~tactically~*~*~ (stealth).
  1009 | D:2      | Reached XP level 3. HP: 23/23 MP: 3/3
  1729 | D:2      | 1729 ||| READING scroll labelled YPLEGR VUONKEC.
  1730 | D:2      | 1730 ||| READING 3 scrolls labelled QAOKHL UR UNE.
  1731 | D:2      | 1731 ||| READING 2 scrolls of enchant weapon.
  1731 | D:2      | 1731 ||| ENCHANTING +1 war axe.
  1732 | D:2      | 1732 ||| READING scroll of enchant weapon.
  1732 | D:2      | 1732 ||| ENCHANTING +2 war axe.
  1733 | D:2      | 1733 ||| READING scroll labelled JIGYTI FEFOAKI.
  1734 | D:2      | 1734 ||| READING 3 scrolls labelled TAXAUNE WEDDEH.
  1735 | D:2      | 1735 ||| DRINKING 2 amethyst potions.
  1736 | D:2      | 1736 ||| READING 2 scrolls of identify.
  1736 | D:2      | 1736 ||| IDENTIFYING viscous ruby potion
  1737 | D:2      | 1737 ||| DROPPING potion of degeneration.
  1843 | D:3      | 1843 ||| READING scroll of enchant weapon.
  1843 | D:3      | 1843 ||| ENCHANTING +3 war axe.
  1874 | D:3      | 1874 ||| DRINKING potion of curing.
  1874 | D:3      | 1874 ||| (to cure confusion)
  1880 | D:3      | 1880 ||| FLEEEEING.
  1883 | D:3      | Reached XP level 4. HP: 21/28 MP: 4/4
  1978 | D:3      | 1978 ||| DROPPING +0 club.
  2066 | D:3      | 2066 ||| Stepping ~*~*~tactically~*~*~ (stealth).
  2073 | D:3      | 2073 ||| Stepping ~*~*~tactically~*~*~ (stealth).
  2077 | D:3      | 2077 ||| Stepping ~*~*~tactically~*~*~ (stealth).
  2101 | D:3      | 2101 ||| DROPPING +0 mace.
  2104 | D:3      | 2104 ||| Stepping ~*~*~tactically~*~*~ (stealth).
  2108 | D:3      | Reached XP level 5. HP: 29/32 MP: 5/5
  2114 | D:3      | 2114 ||| DRINKING potion of curing.
  2114 | D:3      | 2114 ||| (to cure confusion)
  2205 | D:3      | Found a bloodstained altar of Trog.
  2205 | D:3      | Found a hazy altar of Hepliaklqana.
  2207 | D:3      | Found an iron altar of Okawaru.
  2217 | D:3      | 2217 ||| Stepping ~*~*~tactically~*~*~ (stealth).
  2230 | D:3      | 2230 ||| Stepping ~*~*~tactically~*~*~ (stealth).
  2355 | D:3      | 2355 ||| UPGRADING to +0 kite shield.
  2365 | D:3      | 2365 ||| DROPPING +0 buckler.
  2366 | D:3      | 2366 ||| READING scroll labelled EVUIMI QUYGA.
  2367 | D:3      | 2367 ||| READING scroll labelled CIRISCH YMOTAOGO.
  2368 | D:3      | 2368 ||| READING 2 scrolls of identify.
  2368 | D:3      | 2368 ||| IDENTIFYING bubbling silvery potion
  2405 | D:3      | Became a worshipper of Warmaster Okawaru
  2432 | D:4      | Noticed Menkaure
  2433 | D:4      | 2433 ||| STAIRDANCE
  2472 | D:4      | 2472 ||| STAIRDANCE
  2484 | D:4      | HP: 1/32 [Menkaure (14)]
  2485 | D:4      | 2485 ||| DRINKING 2 potions of heal wounds.
  2487 | D:4      | Killed Menkaure
  2488 | D:4      | Reached XP level 6. HP: 28/37 MP: 6/6
  2655 | D:4      | Found a broken altar of Ashenzari.
  2656 | D:4      | Noticed an orc warrior
  2657 | D:4      | 2657 ||| Stepping randomly (stuck).
  2658 | D:4      | 2658 ||| Stepping randomly (stuck).
  2660 | D:4      | 2660 ||| Stepping randomly (stuck).
  2662 | D:4      | 2662 ||| Stepping randomly (stuck).
  2664 | D:4      | 2664 ||| Stepping randomly (stuck).
  2665 | D:4      | 2665 ||| Stepping randomly (stuck).
  2666 | D:4      | 2666 ||| Stepping randomly (stuck).
  2667 | D:4      | 2667 ||| Stepping randomly (stuck).
  2668 | D:4      | 2668 ||| Stepping randomly (stuck).
  2669 | D:4      | 2669 ||| Stepping randomly (stuck).
  2670 | D:4      | 2670 ||| Stepping randomly (stuck).
  2671 | D:4      | 2671 ||| Stepping randomly (stuck).
  2672 | D:4      | 2672 ||| Stepping ~*~*~tactically~*~*~ (hiding).
  2678 | D:4      | HP: 2/37 [orc warrior/+0 glaive (10)]
  2679 | D:4      | 2679 ||| DRINKING potion of heal wounds.
  2683 | D:4      | Mangled by an orc warrior

Levels and vault maps discovered:
D:1:      dpeg_arrival_leaves_temple_mockup, layout_rooms, serial_shops,
          nicolae_shop_trees, dilly_ecumenical_altar_fadedgnrine,
          corexii_item_surrounded_by_moat, grunt_decor_mini_mirrors
D:2:      layout_loops_corners
D:3:      layout_basic, gammafunk_temple_overflow_claw
D:4:      layout_basic, nicolae_ashenzari_skybound, serial_curves,
          eino_curves_03, eino_curves_02, st_stairs_13, uniq_menkaure

Skill      XL: |  1  2  3  4  5  6 |
---------------+-------------------+-----
Axes           | 2 3 4 5 |  5.0
Shields        | 4 5 |  5.1
Fighting       | |  3.3
Armour         | |  3.2

Action                   |  1- 3 |  4- 6 || total
-------------------------+-------+-------++-------
Melee: War axe           |    99 |    76 ||   175
Throw: Boomerang         |       |     6 ||     6
  Use: Scroll            |     9 |     3 ||    12
       Potion            |     3 |     3 ||     6
Armor: Scale mail        |    13 |       ||    13
       Chain mail        |    47 |    38 ||    85
Dodge: Dodged            |    40 |    26 ||    66
Block: Buckler           |    18 |     5 ||    23
       Kite shield       |       |     8 ||     8

Table legend:
 A = Non-vault XP
 B = Vault XP
 C = Vault XP percentage of total XP
 D = Non-vault monster count
 E = Vault monster count
 F = Vault count percentage of total count
                 A         B        C        D         E       F
            +---------+---------+-------+---------+---------+-------
      Total |     283 |     169 |  37.4 |      67 |       1 |   1.5
            +---------+---------+-------+---------+---------+-------
        D:1 |      24 |       0 |   0.0 |      15 |       0 |   0.0
        D:2 |      36 |       0 |   0.0 |      14 |       0 |   0.0
        D:3 |     178 |       0 |   0.0 |      35 |       0 |   0.0
        D:4 |      45 |     169 |  79.0 |       3 |       1 |  25.0
            +---------+---------+-------+---------+---------+-------
